Zazza, lawful female dwarven Valkyrie ------ ------- |.... |.....| |...----- |..>..-##### |...|+++| |..^..| # |...|+++ ---.--- ### |...|.@ +-- # # |...-|---..| ### ##-..........| | # |....o...{.--- --- ..| # |..o..)...%....................| ---.-------- |.oo--|-- ..........-+-- --- | |..........| |.@.|...| ------ ---- |..........| |...|(((| |..........| |...|(((| ------------ |...----- |.... ------ Zazza the Skirmisher Experience level: 5 Strength: 18/01 Dexterity: 13 Constitution: 21 Intelligence: 7 Wisdom: 10 Charisma: 10 Health: 0(47) Energy: 7(7) Def: 4 Gold: 93 Moves: 2055 Dungeon seed: K5sgTHJeFSsXIxA1 Game ID: Zazza_1527419167 Your Inventory: Coins $ - 93 gold pieces Weapons a - a +1 long sword (weapon in hand) b - a +0 dagger f - a +0 orcish dagger w - a +0 axe C - 7 +0 arrows D - a +1 arrow E - a +0 bow F - 5 +0 daggers G - a blessed +0 orcish dagger Armor e - an uncursed +3 small shield (being worn) n - an uncursed +0 orcish helm r - an uncursed +0 leather armor y - a blessed +2 orcish helm z - an uncursed +0 leather armor N - an uncursed +0 scale mail Comestibles c - 2 uncursed food rations B - an uncursed lizard corpse L - an uncursed tripe ration Scrolls d - an uncursed scroll of light j - an uncursed scroll of teleportation l - an uncursed scroll of remove curse p - an uncursed scroll of confuse monster t - a blessed scroll of blank paper u - 3 uncursed scrolls of blank paper x - an uncursed scroll of create monster Rings i - a blessed +1 ring of increase accuracy (on left hand) m - a blessed +4 ring of gain constitution (on right hand) Wands g - a wand of make invisible (0:4) Tools o - an uncursed blindfold s - an uncursed tin opener A - an uncursed lock pick K - an uncursed tallow candle (0:200) Gems q - 3 uncursed worthless pieces of orange glass v - an uncursed worthless piece of white glass H - an uncursed worthless piece of green glass I - 15 uncursed rocks J - an uncursed worthless piece of red glass Y - an uncursed worthless piece of yellowish brown glass Spells and supernatural/magical abilities: Name Level Category Fail Memory W - pray for help -- divine ? -- Your skills at the end: Fighting Skills Weapon Skills dagger [Basic] long sword [Basic] Spellcasting Skills Final Attributes: You were piously aligned. You were cold resistant. You had infravision. You were stealthy. You had a +1 bonus to hit. You are dead. Vanquished creatures: a lizard a bugbear 5 Uruk-hai a yellow light 2 shriekers a paper golem a hill orc an orc zombie a werejackal 3 coyotes a giant rat 14 gnomes 8 jackals a fox 4 goblins 2 sewer rats a grid bug a bat 3 lichens 2 kobold zombies 6 newts 60 creatures vanquished. Voluntary challenges: You used a wielded weapon 55 times, starting on turn 124. You were illiterate. You never genocided any monsters. You never polymorphed an object. You never changed form. You used no wishes. You never split a pudding. You never wrote Elbereth's name. You never violated your personal moral code. Dungeon overview: The Dungeons of Doom: levels 1 to 2 Level 1 a long staircase Level 2 some fountains stairs to The Gnomish Mines The Gnomish Mines: levels 3 to 8 Level 3 stairs to The Dungeons of Doom Level 4 Level 5 Level 6 <- You were here some shops, a fountain Level 7 Level 8 History has recorded: On T:1 you entered the Dungeons of Doom to retrieve the Amulet of Yendor! On T:257 you advanced to experience level 2. On T:481 you reached level 2 of The Dungeons of Doom. On T:736 you advanced to experience level 3. On T:839 you reached level 1 of The Gnomish Mines. On T:1037 you reached level 2 of The Gnomish Mines. On T:1124 you reached level 3 of The Gnomish Mines. On T:1138 you advanced to experience level 4. On T:1226 you reached level 6 of The Gnomish Mines. On T:1639 you advanced to experience level 5. On T:1693 you reached level 5 of The Gnomish Mines. On T:1905 you reached level 4 of The Gnomish Mines. Score breakdown: Gold: 93 ( 6711 points) Experience: 5 levels (11141 points) Exploration: 8 levels ( 16.33%) (11456 points) Discoveries: 3 items ( 1.22%) ( 3312 points) Valuables value: (no points given unless you survive) Artifact value: 0 ( 0 points) Variety of kills: 21 monsters ( 5.51%) ( 7043 points) Turncount: 2055 turns ( -41 points) Survival: died (score multiplied by 80%) Total score: 31697 Latest messages: You stop changing your equipment. The air crackles around the gnomish wizard. You hit the Uruk-hai! (2x) The Uruk-hai hits! You kill the Uruk-hai! You miss the Uruk-hai. You hit the Uruk-hai! The Uruk-hai picks up an orcish helm. The Uruk-hai puts on an orcish helm. The Uruk-hai swings her orcish bow. The Uruk-hai hits! You miss the Uruk-hai. The air crackles around the gnomish wizard. The Uruk-hai swings her orcish bow. The Uruk-hai hits! (2x) The Uruk-hai picks up a pair of iron shoes. You begin praying to Tyr. The Uruk-hai swings her orcish bow. The Uruk-hai hits! (2x) You die... Kiltamagh looks at your corpse, shakes her head, and sighs. Final status: Farvel Zazza the Valkyrie, killed by an Uruk-hai, while praying... You died in The Gnomish Mines on dungeon level 6 with 31697 points, and 93 pieces of gold, after 2055 moves. You were level 5 with a maximum of 47 hit points when you died.